 Dungeon Crawl Stone Soup version 0.15-a0-2265-gb33f7a6 (webtiles) character file.

449 Crauler the Ruffian (level 6, 0/51 HPs)
             Began as a Draconian Transmuter on July 27, 2014.
             Was a Follower of Makhleb.
             Succumbed to a water moccasin's poison
             ... on Level 5 of the Dungeon.
             The game lasted 00:16:54 (4729 turns).

Crauler the Ruffian (Draconian Transmuter)          Turns: 4729, Time: 00:16:55

HP   0/51        AC  8     Str 11      XL: 6   Next: 74%
MP  13/13        EV 15     Int 14      God: Makhleb [*.....]
Gold 320         SH  0     Dex 12      Spells:  2 memorised,  7 levels left

rFire  . . .     SeeInvis .     g - +2 whip (venom)
rCold  . . .     Clarity  .     (armour unavailable)
rNeg   . . .     rCorr    +     (no shield)
rPois  .         rRot     .     (helmet restricted)
rElec  .         Spirit   .     v - +1 cloak
SustAb .         Warding  .     (no gloves)
rMut   .         Stasis   .     (no boots)
Gourm  .                        l - amulet of resist corrosion
MR     .....                    f - +2 ring of evasion
                                r - cursed ring of wizardry

@: lethally poisoned, not resistant to hostile enchantments, very unstealthy
A: unfitting armour, regeneration 1, weak 1, no device heal 1, cold-blooded, AC
+6
a: Renounce Religion


You were on level 5 of the Dungeon.
You worshipped Makhleb.
Makhleb was aware of your devotion.
You were hungry.

You visited 2 branches of the dungeon, and saw 6 of its levels.

You collected 320 gold pieces.

Inventory:

Hand weapons
 e - a +0 spear of piercing
 g - a +2 whip of venom (weapon)
Missiles
 b - 12 arrows
Armour
 v - a +1 cloak (worn)
Magical devices
 o - a wand of digging (7)
 A - a wand of draining (4)
 F - a wand of draining (3)
Comestibles
 a - 5 bread rations
 k - 2 meat rations
 q - 4 fruits
 x - 2 slices of pizza
Scrolls
 c - a scroll of enchant weapon
 h - a scroll of fog {unknown}
 i - a scroll of magic mapping
 j - 2 scrolls of identify
 p - 4 scrolls of remove curse
 C - a scroll of noise {unknown}
Jewellery
 f - a +2 ring of evasion (right hand)
 l - an amulet of resist corrosion (around neck)
 r - a cursed ring of wizardry (left hand)
 D - an uncursed ring of fire {unknown}
Potions
 n - a potion of might
 w - 2 potions of agility
Books
 d - a book of Changes

   Spells                             Type                      Level
   *Beastly Appendage                 Transmutation                1
   Sticks to Snakes                   Transmutation                2
   *Spider Form                       Transmutation/Poison         3
   Ice Form                           Ice/Transmutation            4
   Blade Hands                        Transmutation                5
Magical staves
 y - an uncursed staff of air
 E - an uncursed staff of power


   Skills:
 + Level 3.2 Fighting
 + Level 3.2 Dodging
 * Level 4.9 Unarmed Combat
 + Level 3.2 Spellcasting
 + Level 3.3 Transmutations


You had 7 spell levels left.
You knew the following spells:

 Your Spells              Type           Power        Failure   Level  Hunger
a - Beastly Appendage     Trmt           ##....       2%          1    #......
b - Spider Form           Trmt/Pois      #.........   16%         3    ###....


Dungeon Overview and Level Annotations

Branches:
Dungeon (5/15)             Temple (1/1) D:5

Altars:
Cheibriados
Dithmenos
Elyvilon
Fedhas
Kikubaaqudgha
Makhleb
Nemelex Xobeh
Okawaru
Qazlal
Trog
Vehumet
Yredelemnul
Zin
The Shining One

Annotations:
D:4 Cactus' ghost, average DsFE; Grinder


Innate Abilities, Weirdness & Mutations

Your plain brown scales are hard (AC +6).
Your body does not fit into most forms of armour.
Your cold-blooded metabolism reacts poorly to cold.
Your natural rate of healing is unusually fast.
You are weak. (Str -2)
Potions and wands are less effective at restoring your health.


Message History

Drink which item? (? for menu, Esc to quit)
Your magical effects are unravelling.
Your resistance to elements expires.
* * * LOW HITPOINT WARNING * * *
You feel sick.
* * * LOW HITPOINT WARNING * * *
You feel sick.
* * * LOW HITPOINT WARNING * * *
You feel sick.
* * * LOW HITPOINT WARNING * * *
You feel sick.
* * * LOW HITPOINT WARNING * * *
You feel sick.
* * * LOW HITPOINT WARNING * * *
You feel sick.
* * * LOW HITPOINT WARNING * * *
You feel sick.
* * * LOW HITPOINT WARNING * * *
You feel sick.
You die...

####........# #.#
..##........# #.###
...#........# #...#
...#........# #.#.#
...#........#
###.#.#
............#
#.._..#
...#........#
#.#.###
...#........# #.#.#
...#........# #.@.#
...#........# ###.#
>..#........#####.#
#############.....#
..# #.##### ..# #.#
..# #.# ..# #.# ..#
#.#


There were no monsters in sight!

Vanquished Creatures
  Sigmund (D:4)
  A scorpion (D:5)
  An orc wizard (D:3)
  Crazy Yiuf (D:3)
  2 worker ants (D:5)
  A big kobold zombie (D:5)
  Terence (D:2)
  2 adders
  4 gnolls (D:5)
  A shadow imp (D:5)
  A worm (D:2)
  11 orcs
  A ball python (D:4)
  5 giant cockroaches
  12 hobgoblins
  19 jackals
  4 quokkas
  14 bats
  6 giant geckos
  A giant gecko zombie (D:5)
  3 giant newts
  6 goblins
  A hobgoblin skeleton (D:5)
  9 kobolds
  A kobold zombie (D:5)
  A quokka skeleton (D:4)
  16 rats
  A rat skeleton (D:5)
  A rat zombie (D:5)
128 creatures vanquished.

Vanquished Creatures (others)
  A giant cockroach (D:3)
1 creature vanquished.

Grand Total: 129 creatures vanquished

Notes
Turn   | Place    | Note
--------------------------------------------------------------
     0 | D:1      | Crauler, the Draconian Transmuter, began the quest for the Orb.
     0 | D:1      | Reached XP level 1. HP: 16/16 MP: 3/3
   548 | D:1      | Reached XP level 2. HP: 23/23 MP: 4/4
  1499 | D:2      | Reached XP level 3. HP: 24/28 MP: 6/6
  1626 | D:2      | Found a blossoming altar of Fedhas.
  1627 | D:2      | Found a radiant altar of Vehumet.
  1631 | D:2      | Found a shadowy altar of Dithmenos.
  1809 | D:2      | Noticed Terence
  1822 | D:2      | Killed Terence
  1902 | D:2      | Reached XP level 4. HP: 28/36 MP: 7/7
  2038 | D:2      | Learned a level 3 spell: Spider Form
  2072 | D:3      | Reached skill level 4 in Unarmed Combat
  2280 | D:3      | Found a stormy altar of Qazlal.
  2644 | D:3      | Found a sparkling altar of Nemelex Xobeh.
  2738 | D:3      | Noticed Crazy Yiuf
  2746 | D:3      | Killed Crazy Yiuf
  2746 | D:3      | Reached XP level 5. HP: 22/42 MP: 5/9
  3079 | D:3      | Found a basalt altar of Yredelemnul.
  3533 | D:4      | Noticed Grinder
  3549 | D:5      | Entered Level 5 of the Dungeon
  3764 | D:5      | Noticed a water moccasin
  3960 | D:4      | Noticed Sigmund
  3981 | D:4      | Killed Sigmund
  3981 | D:4      | Reached XP level 6. HP: 43/50 MP: 8/12
  3994 | D:4      | Noticed Cactus' ghost (average DsFE)
  4237 | D:5      | Found a staircase to the Ecumenical Temple.
  4247 | Temple   | Entered the Ecumenical Temple
  4273 | Temple   | Became a worshipper of Makhleb the Destroyer
  4574 | D:5      | Acquired Makhleb's first power
  4673 | D:5      | Found an iron altar of Okawaru.
  4713 | D:5      | Gained mutation: Potions and wands are less effective at restoring your health. [potion of mutation]
  4713 | D:5      | Gained mutation: You are weak. (Str -2) [potion of mutation]
  4713 | D:5      | Gained mutation: Your natural rate of healing is unusually fast. [potion of mutation]
  4728 | D:5      | HP: 2/51 [poisoned by a water moccasin]
  4729 | D:5      | Succumbed to a water moccasin's poison

Action                   |  1- 3 |  4- 6 || total
-------------------------+-------+-------++-------
Melee: Unarmed           |    38 |    54 ||    92
       Spear             |     9 |       ||     9
       Whip              |   105 |   216 ||   321
 Cast: Spider Form       |       |     3 ||     3
 Abil: End Transformatio |       |     1 ||     1
Evoke: Wand              |       |     2 ||     2
  Use: Scroll            |       |     6 ||     6
       Potion            |       |     7 ||     7
  Eat: Chunk             |     2 |    10 ||    12
